 Dungeon Crawl Stone Soup version 0.27.1-33-g824d729ab1 (webtiles) character file.

Game seed: 4320873023179838948

229 SensoryNuts the Slasher (level 5, -1/45 HPs)
             Began as a Draconian Gladiator on Dec 7, 2021.
             Slain by Grinder (3 damage)
             ... on level 4 of the Dungeon.
             The game lasted 00:03:20 (2750 turns).

SensoryNuts the Slasher (Draconian Gladiator)       Turns: 2750, Time: 00:03:21

Health: -1/45      AC:  5    Str: 17    XL:     5   Next: 71%
Magic:  5/5        EV: 13    Int: 14    God:
Gold:   201        SH:  0    Dex: 13    Spells: 4/4 levels left

rFire    . . .     SeeInvis .   a - +0 long sword
rCold    . . .     Faith    .   (no shield)
rNeg     . . .     Spirit   .   (armour unavailable)
rPois    .         Reflect  .   b - +0 hat
rElec    .         Harm     .   (no cloak)
rCorr    .         Rampage  .   (no gloves)
Will     .....                  (no boots)
Stlth    ++........             (no amulet)
HPRegen  0.15/turn              k - +6 ring of intelligence
MPRegen  0.09/turn              (no ring)

@: no status effects
A: AC +5, unfitting armour, cold-blooded
a: no special abilities


You were on level 4 of the Dungeon.
You visited 1 branch of the dungeon, and saw 4 of its levels.

You collected 201 gold pieces.

Inventory:

Hand Weapons
 a - a +0 long sword (weapon)
Missiles
 c - 3 throwing nets (quivered)
Armour
 b - a +0 hat (worn)
Jewellery
 d - a ring of protection from fire
 k - a +6 ring of intelligence (left hand)
Scrolls
 f - a scroll of teleportation
 i - a scroll of vulnerability {unknown}
 l - a scroll of fear {unknown}
 m - a scroll of identify {unknown}
Potions
 e - a potion of attraction {unknown}
 g - 2 potions of flight {unknown}
 h - a potion of magic {unknown}
 j - a potion of heal wounds {unknown}


   Skills:
 + Level 3.3 Fighting
 + Level 5.1 Long Blades
 + Level 1.9 Throwing
 + Level 3.6 Dodging
 + Level 1.1 Stealth


You had 4 spell levels left.
You didn't know any spells.
Your spell library contained the following spells:

 Spells                   Type           Power      Damage    Failure   Level
 Summon Small Mammal      Summ           0%         N/A       28%         1
 Call Canine Familiar     Summ           0%         N/A       65%         3
 Gell's Gravitas          Tloc           0%         N/A       65%         3
 Lesser Beckoning         Tloc           0%         N/A       65%         3
 Summon Guardian Golem    Hex/Summ       0%         N/A       65%         3
 Teleport Other           Tloc           0%         N/A       65%         3


Dungeon Overview and Level Annotations

Branches:
Dungeon (4/15)
 Temple: D:4-7

Altars:
Gozag
Wu Jian

Shops:
D:2 !

Annotations:
D:4 Grinder, Pikel


Innate Abilities, Weirdness & Mutations

Your plain brown scales are hard. (AC +5)
You cannot fit into any form of body armour.
You are cold-blooded and may be slowed by cold attacks.


Message History

Grinder gestures at you. Pain shoots through your body!
You hit Grinder.
Grinder is severely wounded.
Grinder says, "DUCK!"
Grinder drinks a potion.
Grinder is healed!
Grinder closely misses you.
You hit Grinder but do no damage.
Grinder is heavily wounded.
The giant cockroach misses you.
You riposte.
You hit the giant cockroach.
You kill the giant cockroach!
Grinder gestures at you.
You suddenly lose the ability to move!
Grinder gestures at you.
You shrug off the repeated paralysis!
You can move again.
You closely miss Grinder.
Grinder is moderately wounded.
Grinder hits you!
You writhe in agony.
* * * LOW HITPOINT WARNING * * *
You are too injured to fight recklessly!
You are too injured to fight recklessly!
You barely miss Grinder.
Your tail-slap misses Grinder.
Grinder is moderately wounded.
Grinder gestures at you.
You barely resist. You closely miss Grinder.
Grinder is moderately wounded.
Grinder says, "Don't move a muscle."
Grinder misses you.
You hit Grinder.
Grinder is heavily wounded.
Grinder gestures at you. Pain shoots through your body!
* * * LOW HITPOINT WARNING * * *
You hit Grinder.
Grinder is heavily wounded.
Grinder hits you.
* * * LOW HITPOINT WARNING * * *
You writhe in agony.
You die...

#### ..# .. #... #.# .# #
###.## . #.# _..# #...#
?.######.# .#.# #.####
.........# ... #...#.
#........###.## ###.#.##
#.......?5....# #.......
#......†@...######.######
#.........>.'............
#...........######.######
#######.##### #.# #.#
###.# #.# #...# ..# #.###
### #####.# #.....#


You could see Grinder.

Vanquished Creatures
  A necrophage (D:3)
  A howler monkey (D:4)
  A hound skeleton (D:4)
  A gnoll (D:3)
  2 dart slugs
  An orc (D:3)
  4 ball pythons
  11 bats
  5 endoplasms
  3 giant cockroaches
  8 goblins
  7 hobgoblins
  4 jackals (D:1)
  4 quokkas
  4 frilled lizards
  7 kobolds
  5 rats
69 creatures vanquished.

Notes
Turn   | Place    | Note
-------+----------+-------------------------------------------
     0 | D:1      | SensoryNuts the Draconian Gladiator began the quest for the
                  | Orb.
     0 | D:1      | Reached XP level 1. HP: 17/17 MP: 1/1
   116 | D:1      | Reached XP level 2. HP: 18/25 MP: 2/2
   516 | D:1      | Reached XP level 3. HP: 30/30 MP: 3/3
  1047 | D:2      | Found Yzxes's Distillery.
  1543 | D:3      | Reached skill level 4 in Long Blades
  1849 | D:3      | Reached XP level 4. HP: 37/37 MP: 4/4
  1857 | D:3      | Noticed a necrophage
  1870 | D:3      | Killed a necrophage
  1871 | D:3      | Reached XP level 5. HP: 15/45 MP: 5/5
  2355 | D:4      | Found an ornate altar of the Wu Jian Council.
  2560 | D:4      | Noticed Pikel
  2560 | D:4      | Noticed a lemure
  2593 | D:4      | Reached skill level 5 in Long Blades
  2593 | D:4      | Reached skill level 1 in Stealth
  2732 | D:4      | Noticed Grinder
  2734 | D:4      | Found an opulent altar of Gozag.
  2744 | D:4      | Paralysed by Grinder for 2 turns
  2750 | D:4      | HP: 2/45 [Grinder (3)]
  2750 | D:4      | Slain by Grinder

Illustrated notes

Levels and vault maps discovered:
D:1:      dpeg_arrival_boxorama, layout_loops_ring, minmay_pentomino_v2
D:2:      layout_basic, serial_shops, shop
D:3:      layout_basic
D:4:      layout_basic, nicolae_gozag_cash_rules_everything_around_me,
          general_overflow_altar, nicolae_wu_jian_glorious_leap,
          hangedman_abyss_or_decor_lesser_grid, uniq_pikel, uniq_grinder,
          uniq_robin, uniq_blork_the_orc

Skill      XL: |  1  2  3  4  5 |
---------------+----------------+-----
Dodging        | 3 |  3.6
Long Blades    | 4 5 |  5.1
Fighting       | 3 |  3.3
Stealth        | 1 |  1.1
Throwing       | |  1.9

Action                   |  1- 3 |  4- 6 || total
-------------------------+-------+-------++-------
Melee: Long sword        |   113 |    48 ||   161
       Tailslap          |    11 |     7 ||    18
  Use: Scroll            |       |     2 ||     2
 Stab: Sleeping          |     2 |       ||     2
Armor: Skin              |    52 |    11 ||    63
Dodge: Dodged            |    69 |    51 ||   120
       Rpst.: Long sword |    27 |    14 ||    41
